 Dungeon Crawl Stone Soup version 0.29-a0-22-gbf593b16ee (webtiles) character file.

Game seed: 10560172486966292090

49 issech the Cudgeller (level 3, -7/36 HPs)
             Began as a Troll Monk on Jan 29, 2022.
             Mangled by an iguana (12 damage)
             ... on level 2 of the Dungeon.
             The game lasted 00:04:30 (1708 turns).

issech the Cudgeller (Troll Monk)                   Turns: 1708, Time: 00:04:31

Health: -7/36      AC:  4    Str: 19    XL:     3   Next: 53%
Magic:  2/2        EV: 10    Int:  6    God:
Gold:   84         SH:  0    Dex: 14    Spells: 2/2 levels left

rFire   . . .      SeeInvis .   a - +0 mace
rCold   . . .      Faith    .   (no shield)
rNeg    . . .      Spirit   .   b - +0 robe
rPois   .          Reflect  .   (helmet restricted)
rElec   .          Harm     .   (no cloak)
rCorr   .          Rampage  .   (gloves unavailable)
Will    .....                   (boots unavailable)
Stlth   ++........              (no amulet)
HPRegen 0.92/turn               (no ring)
MPRegen 0.08/turn               (no ring)

@: no status effects
A: large, unfitting armour, claws 3, regeneration 1, shaggy fur 1, tough skin 1
a: no special abilities


You were on level 2 of the Dungeon.
You visited 1 branch of the dungeon, and saw 2 of its levels.

You collected 84 gold pieces.

Inventory:

Hand Weapons
 a - a +0 mace (weapon)
Missiles
 d - 73 stones (quivered)
 l - 2 poisoned darts
Armour
 b - a +0 robe (worn)
Scrolls
 c - a scroll of vulnerability {unknown}
 f - a scroll of blinking {unknown}
 g - 4 scrolls of teleportation {unknown}
 h - a scroll of enchant armour {unknown}
 m - 2 scrolls of identify {unknown}
Potions
 e - a potion of curing {unknown}
 i - a potion of lignification {unknown}
 j - 2 potions of invisibility {unknown}
 k - a potion of heal wounds {unknown}


   Skills:
 + Level 2.6 Fighting
 + Level 3.4 Maces & Flails
 + Level 2.8 Dodging
 + Level 1.2 Stealth


You had 2 spell levels left.
You didn't know any spells.
Your spell library was empty.

Dungeon Overview and Level Annotations

Branches:
Dungeon (2/15)

Altars:


Innate Abilities, Weirdness & Mutations

You are too large for most types of armour.
You have claws for hands.
Your natural rate of healing is unusually fast.
You are covered in fur. (AC +1)
You have tough skin. (AC +1)


Message History

You hit the adder but do no damage.
The adder is almost dead.
The adder bites you. The adder barely misses you.
You hit the adder.
You kill the adder!
You completely miss the iguana. Your claw misses the iguana.
The iguana bites you. The iguana bites you!
You sock the iguana!
The iguana is heavily wounded.
The iguana barely misses you.
You hit the iguana.
The iguana is severely wounded.
The iguana barely misses you.
You hit the iguana but do no damage.
The iguana is severely wounded.
The iguana bites you.
You hit the iguana but do no damage.
The iguana is severely wounded.
The iguana barely misses you. The iguana misses you.
You barely miss the iguana.
The iguana is severely wounded.
The iguana bites you!
* * * LOW HITPOINT WARNING * * *
You hit the iguana.
The iguana is almost dead.
The iguana barely misses you.
You hit the iguana but do no damage.
The iguana is almost dead.
The iguana bites you.
* * * LOW HITPOINT WARNING * * *
You barely miss the iguana.
The iguana is almost dead.
The iguana misses you.
The iguana hisses menacingly.
The iguana bites you.
* * * LOW HITPOINT WARNING * * *
You hit the iguana but do no damage.
The iguana is almost dead.
The iguana bites you!
You die...

#...(......... #.............
#............. ###########
#............. #.........#
#............. #.........#
#.....).......
######....^....####........(....
.....'..........@l'.............
######.........####.............
#####.........# #.............
##........#############.........
.'........'...).....# ........##
##........#########.##........#
#........# #.##........#
#........# #.##........#
#........# #######.#


You could see an iguana.

Vanquished Creatures
  2 adders (D:2)
  2 worms (D:2)
  A dart slug (D:1)
  3 ball pythons
  3 endoplasms
  A goblin (D:1)
  A hobgoblin (D:1)
  2 quokkas
  4 bats
  2 frilled lizards
  3 kobolds
  3 rats (D:1)
27 creatures vanquished.

Vanquished Creatures (others)
  8 fungi (D:1)
  8 plants (D:1)
16 creatures vanquished.

Grand Total: 43 creatures vanquished

Notes
Turn   | Place    | Note
-------+----------+-------------------------------------------
     0 | D:1      | issech the Troll Monk began the quest for the Orb.
     0 | D:1      | Reached XP level 1. HP: 22/22 MP: 0/0
   261 | D:1      | Reached XP level 2. HP: 23/29 MP: 1/1
   279 | D:1      | Reached skill level 3 in Maces & Flails
   317 | D:1      | Found a faded altar of an unknown god.
  1343 | D:2      | Reached XP level 3. HP: 36/36 MP: 2/2
  1708 | D:2      | Mangled by an iguana

Illustrated notes

Levels and vault maps discovered:
D:1:      ebering_trefoil_twist, layout_loops_corners,
          shapermc_ecumenical_altar_mp_urbaneastern
D:2:      layout_basic

Skill      XL: |  1  2 |
---------------+-------+-----
Maces & Flails | 3 |  3.4
Fighting       | |  2.6
Dodging        | |  2.8
Stealth        | |  1.2

Action                   || total
-------------------------++-------
Melee: Mace              ||   167
       Punch             ||     2
 Stab: Sleeping          ||     2
       Distracted        ||     1
Armor: Robe              ||    43
Dodge: Dodged            ||    82

Table legend: (Time is in decaauts)
 A = Elapsed time spent in this place.
 B = Non-inter-level travel time spent in this place.
 C = Inter-level travel time spent in this place.
 D = Time resting spent in this place.
 E = Time spent auto-exploring this place.
 F = Levels seen in this place.
 G = Mean time per level.
                   A        B        C        D        E       F      G
               +--------+--------+--------+--------+--------+-----+--------+
         Total |   1751 |   1717 |     34 |      0 |    791 |   2 |  875.5 |
       Dungeon |   1751 |   1717 |     34 |      0 |    791 |   2 |  875.5 |
               +--------+--------+--------+--------+--------+-----+--------+

Top non-repeatable levels by time:
     D:1: 1048 daAuts
     D:2: 703 daAuts
